 Dungeon Crawl Stone Soup version 0.30-a0-591-g3c58d2bc28 (webtiles) character file.

Game seed: 2718551470621825443

25 kae the Insei (level 2, -1/21 HPs)
             Began as a Demonspawn Transmuter on Jan 5, 2023.
             Slain by an adder (2 damage)
             ... on level 2 of the Dungeon.
             The game lasted 00:00:38 (279 turns).

kae the Insei (Demonspawn Transmuter)                Turns: 279, Time: 00:00:39

Health: -1/21      AC:  2    Str: 10    XL:     2   Next: 82%
Magic:  4/5        EV: 12    Int: 14    God:
Gold:   33         SH:  4    Dex: 13    Spells: 4/5 levels left

rFire   . . .      SeeInvis .      - Unarmed
rCold   . . .      Faith    .    (no shield)
rNeg    . . .      Spirit   .    a - +0 robe
rPois   .          Reflect  .    (helmet currently unavailable)
rElec   .          Harm     .    (no cloak)
rCorr   .          Rampage  .    (no gloves)
Will    .....                    (boots currently unavailable)
Stlth   +                        (no amulet)
HPRegen 0.23/turn                (no ring)
MPRegen 0.09/turn                (no ring)

@: lethally poisoned (-1 -> -2), appendages (expiring), hasted, very quick
A: horns 2, talons 2, condensation shield
a: End Transformation


You were on level 2 of the Dungeon.
You had temporarily grown beastly horns and talons.
You visited 1 branch of the dungeon, and saw 2 of its levels.

You collected 33 gold pieces.


Innate Abilities, Weirdness & Mutations

You have temporarily grown beastly horns and talons.
A meltable shield of frost defends you. (SH +4)


   Skills:
 - Level 1.0 Fighting
 - Level 1.7 Dodging
 + Level 3.0 Unarmed Combat
 + Level 2.3 Spellcasting
 * Level 2.5 Transmutations


You had 4 spell levels left.
You knew the following spells:

 Your Spells              Type           Power      Damage    Failure   Level
a - Beastly Appendage     Tmut           16%        N/A       9%          1

Your spell library contained the following spells:

 Spells                   Type           Power      Damage    Failure   Level
 Wereblood                Tmut           8%         N/A       12%         2
 Spider Form              Tmut/Pois      5%         N/A       38%         3
 Ignite Poison            Fire/Tmut/Pois 3%         N/A       43%         3
 Kindle Blastsparks       Fire/Tloc/Air  2%         2d10      56%         3
 Ice Form                 Ice/Tmut       5%         N/A       80%         4
 Freezing Cloud           Conj/Ice/Air   0%         6-21      100%        5

Inventory:

Missiles
 d - 12 stones
Armour
 a - a +0 robe (worn)
Scrolls
 c - a scroll of teleportation {unknown}
 e - a scroll of torment {unknown}
Potions
 b - a potion of lignification {!q}

Dungeon Overview and Level Annotations

Branches:
Dungeon (1/15) Zot: 11722

Altars:

..... ..... .......
....#+#
.......####.#.....
........#........J.
........#..........
.................
#...#...SBl....##.#
.........@........#
.......).......#.
............##.#
........#..)##.#...
#####...###........
...................
...................
...?...............
.#....!.....#......


You could see an adder, a giant cockroach and a frilled lizard.


Message History

You closely miss the ball python. The ball python closely misses you.
The ball python constricts you.
You hit the ball python. The ball python barely misses you.
The ball python constricts you.
You barely miss the ball python. Your kick misses the ball python.
The ball python barely misses you. The ball python constricts you.
The ball python closely misses you. The ball python constricts you.
A ball python is nearby!
You hit the ball python.
You kill the ball python!
A goblin comes into view. It is wielding a +0 dagger.
Your Unarmed Combat skill increases to level 3!
The goblin shouts!
You hear an angry hiss. 😎 MP[+1]
Your mp is fully restored (5).
A goblin is nearby!
There are monsters nearby!
Unknown command.
There are monsters nearby!
There are monsters nearby!
You barely miss the goblin. Your kick misses the goblin.
You headbutt the goblin.
You kill the goblin!
Your horns disappear.
Your talons disappear.
A giant cockroach comes into view.
You block the endoplasm's attack.
You hit the endoplasm. The endoplasm hits you. 😕 HP[-3]
You take 3 damage, and now have 18/21 hp.
You completely miss the endoplasm. The endoplasm freezes you.
You are frozen.
An adder comes into view.
The adder hisses angrily.
You hit the endoplasm but do no damage. The endoplasm freezes you.
You are frozen.
The giant cockroach closely misses you.
There are monsters nearby! 😮 HP[-5]
You take 5 damage, and now have 13/21 hp.
MASSIVE DAMAGE!! (PAUSE)
You are too injured to fight recklessly!
You are too injured to fight recklessly!
You hit the endoplasm.
You kill the endoplasm!
The giant cockroach misses you.
Casting: Beastly Appendage (safe; 9% risk of failure)
Confirm with . or Enter, or press ? or * to list all spells.
You grow a pair of large bovine horns.
Your feet morph into talons.
You block the giant cockroach's attack.
You block the giant cockroach's attack. 😮 HP[+1] MP[-1]
You lost 1 mp, and now have 4/5 mp.
You hit the giant cockroach. You claw the giant cockroach.
Your transformation is almost over.
The giant cockroach bites you but does no damage.
The giant cockroach barely misses you.
You hit the adder but do no damage.
You headbutt the adder, but do no damage.
The adder bites you.
The giant cockroach bites you but does no damage. 😮 HP[-3]
You take 3 damage, and now have 11/21 hp.
You barely miss the adder. You claw the adder, but do no damage.
The adder closely misses you. You block the giant cockroach's attack.
A frilled lizard comes into view.
Unknown command.
The frilled lizard hisses angrily.
You hit the adder. You block the adder's attack.
The giant cockroach barely misses you. The adder bites you.
* * * LOW HITPOINT WARNING * * *
You are poisoned.
The adder poisons you! 😨 HP[-2]
You take 2 damage, and now have 9/21 hp.
You barely miss the adder. Your kick misses the adder.
You feel sick. You block the giant cockroach's attack.
The adder closely misses you. 😨 HP[-1]
You take 1 damage, and now have 8/21 hp.
Unknown command.
You miss the adder.
You feel sick. The giant cockroach bites you.
* * * LOW HITPOINT WARNING * * *
The adder bites you.
* * * LOW HITPOINT WARNING * * *
😱 HP[-5]
You take 5 damage, and now have 3/21 hp.
MASSIVE DAMAGE!! (PAUSE)
You miss the adder. Your headbutt misses the adder.
* * * LOW HITPOINT WARNING * * *
You feel sick.
The giant cockroach completely misses you.
The adder bites you but does no damage.
The giant cockroach completely misses you. 😱 HP[-1]
You take 1 damage, and now have 2/21 hp.
It was a potion of haste.
You feel yourself speed up.
* * * LOW HITPOINT WARNING * * *
You feel sick. The adder bites you but does no damage.
You block the giant cockroach's attack. The adder bites you.
You die...

Skill      XL: |  1  2 |
---------------+-------+-----
Transmutations | 2 |  2.5
Unarmed Combat | 3 |  3.0
Fighting       | |  1.0
Dodging        | |  1.7
Spellcasting   | |  2.3

Action                   || total
-------------------------++-------
Melee: Unarmed           ||    46
       Headbutt          ||     9
       Kick              ||     9
 Cast: Beastly Appendage ||    10
  Use: Potion            ||     1
Armor: Robe              ||    11
Dodge: Dodged            ||    32
Block: Other             ||     8

Levels and vault maps discovered:
D:1:      lemuel_arrival_muddy, layout_basic
D:2:      layout_basic, minmay_misc_feat_pillars, kennysheep_cross_room,
          uniq_jessica

Notes
Turn   | Place    | Note
-------+----------+-------------------------------------------
     0 | D:1      | kae the Demonspawn Transmuter began the quest for the Orb.
     0 | D:1      | Reached XP level 1. HP: 15/15 MP: 3/3
     0 | D:1      | magus.rc [v1.11.3]
    86 | D:1      | Reached skill level 2 in Transmutations
    92 | D:1      | Gained mutation: A meltable shield of frost defends you.
                  | (SH +4) [demonic ancestry]
    92 | D:1      | Reached XP level 2. HP: 10/21 MP: 3/5
   206 | D:1      | You add the spells Kindle Blastsparks, Ignite Poison and
                  | Freezing Cloud to your library.
   243 | D:1      | You fall into a shaft and drop 1 floor!
   260 | D:2      | Reached skill level 3 in Unarmed Combat
   277 | D:2      | HP: 5/21 [giant cockroach (2)]
   278 | D:2      | HP: 2/21 [poisoned by an adder]
   279 | D:2      | Slain by an adder

Vanquished Creatures
  A dart slug (D:1)
  A bat (D:1)
  5 endoplasms
  2 giant cockroaches (D:1)
  2 jackals (D:1)
  2 kobolds
  3 ball pythons
  3 goblins
19 creatures vanquished.

Table legend:
 A = Non-vault XP
 B = Vault XP
 C = Vault XP percentage of total XP
 D = Non-vault monster count
 E = Vault monster count
 F = Vault count percentage of total count
                 A         B        C        D         E       F
            +---------+---------+-------+---------+---------+-------
      Total |      36 |       0 |   0.0 |      19 |       0 |   0.0
            +---------+---------+-------+---------+---------+-------
        D:1 |      28 |       0 |   0.0 |      14 |       0 |   0.0
        D:2 |       8 |       0 |   0.0 |       5 |       0 |   0.0
            +---------+---------+-------+---------+---------+-------

Illustrated notes

Table legend:
 A = Kills in this place as a percentage of kills in entire the game.
 B = Kills by you in this place as a percentage of kills by you in the entire game.
 C = Kills by friends in this place as a percentage of kills by friends in the entire game.
 D = Other kills in this place as a percentage of other kills in the entire game.
 E = Experience gained in this place as a percentage of experience gained in the entire game.
 F = Experience gained in this place divided by the number of levels of this place that you have seen.
                   A       B       C       D       E      F
               +-------+-------+-------+-------+-------+----------------------
         Total | 100.0 | 100.0 |   N/A |   N/A | 100.0 |  18.0
       Dungeon | 100.0 | 100.0 |   N/A |   N/A | 100.0 |  18.0
               +-------+-------+-------+-------+-------+----------------------

Table legend: (Time is in decaauts)
 A = Elapsed time spent in this place.
 B = Non-inter-level travel time spent in this place.
 C = Inter-level travel time spent in this place.
 D = Time resting spent in this place.
 E = Time spent auto-exploring this place.
 F = Levels seen in this place.
 G = Mean time per level.
                   A        B        C        D        E       F      G
               +--------+--------+--------+--------+--------+-----+--------+
         Total |    276 |    276 |      0 |      0 |    163 |   2 |  138.0 |
       Dungeon |    276 |    276 |      0 |      0 |    163 |   2 |  138.0 |
               +--------+--------+--------+--------+--------+-----+--------+

Top non-repeatable levels by time:
     D:1: 241 daAuts
     D:2: 35 daAuts
